 Dungeon Crawl Stone Soup version 0.32-a0-643-ga006e7742e (webtiles) character file.

Game seed: 6248275324307641170

3348 Juicyj the Cleaver (level 9, -5/81 HPs)
             Began as a Mountain Dwarf Fighter on Mar 7, 2024.
             Was an Initiate of Gozag.
             Slain by a boulder beetle (9 damage)
             ... on level 11 of the Dungeon.
             The game lasted 00:14:46 (9370 turns).

Juicyj the Cleaver (Mountain Dwarf Fighter)         Turns: 9370, Time: 00:14:47

Health: -5/81      AC: 17    Str: 23    XL:     9   Next: 72%
Magic:  9/9        EV:  6    Int:  9    God:    Gozag
Gold:   462        SH:  6    Dex: 11    Spells: 8/8 levels left

rFire   . . .        a - +4 war axe
rCold   . . .        c - +0 buckler
rNeg    . . .        n - +0 plate armour
rPois   .            j - +1 helmet
rElec   .            A - +0 cloak
rCorr   .            (no gloves)
SInv    +            (no boots)
Will    +....        y - amulet of the acrobat Stlth
                     p - ring of the Amorous God {Will+ Dex+2}
HPRegen 0.33/turn    o - ring of see invisible
MPRegen 0.11/turn

%: acrobat
@: no status effects
A: runic magic, artefact enchanting, mutation resistance 1
a: Renounce Religion, Potion Petition, Call Merchant, Bribe Branch


You were on level 11 of the Dungeon.
You worshipped Gozag.
Gozag was aware of your devotion.
You visited 2 branches of the dungeon, and saw 11 of its levels.
You also visited: Sewer.

You collected 611 gold pieces.
You paid 149 gold pieces to Gozag.

Inventory:

Hand Weapons
 a - a +4 war axe (weapon)
Missiles
 B - a throwing net (quivered)
Armour
 b - a +0 scale mail
 c - a +0 buckler (worn)
 j - a +1 helmet (worn)
 n - a +0 plate armour (worn)
 A - a +0 cloak (worn)
Jewellery
 l - a ring of resist corrosion
 o - a ring of see invisible (right hand)
 p - the ring of the Amorous God (left hand) {Will+ Dex+2}
   (You found it on level 2 of the Dungeon)

   [ring of willpower]

   Dex+2:     It affects your dexterity (+2).
   Will+:     It increases your willpower.
 y - an amulet of the acrobat (around neck)
Talismans
 s - a maw talisman
Wands
 w - a wand of flame (6)
Scrolls
 h - a scroll of vulnerability {unknown}
 i - 2 scrolls of blinking
 q - a scroll of fog
 t - a scroll of amnesia
 v - a scroll of teleportation
 z - a scroll of brand weapon {unknown}
 C - a scroll of summoning {unknown}
Potions
 d - 2 potions of might
 k - a potion of degeneration
 m - a potion of enlightenment {unknown}
 r - a potion of resistance {unknown}
 u - 2 potions of cancellation {unknown}
 x - a potion of mutation


   Skills:
 + Level 8.3 Fighting
 + Level 8.6 Axes
 + Level 8.3 Armour
 + Level 8.3 Shields


You had 8 spell levels left.
You didn't know any spells.
Your spell library contained the following spells:

 Spells                   Type           Power      Damage    Failure   Level
 Apportation              Tloc           0%         N/A       65%         1
 Necrotise                Necr           0%         1d4       65%         1
 Sting                    Conj/Alch      0%         1d3       65%         1
 Summon Small Mammal      Summ           0%         N/A       65%         1
 Cigotuvi's Dreadful Rot  Necr/Alch/Air  0%         N/A       80%         2
 Lesser Beckoning         Tloc           0%         N/A       80%         2
 Gell's Gravitas          Tloc           0%         N/A       95%         3
 Teleport Other           Tloc           0%         N/A       95%         3
 Ignite Poison            Fire/Alch      0%         N/A       100%        4
 Freezing Cloud           Conj/Ice/Air   0%         6-21      100%        5
 Haunt                    Necr/Summ      0%         N/A       100%        7
 Infestation              Necr           0%         N/A       100%        8
 Animate Dead             Necr           Unusable   N/A       N/A         4

Dungeon Overview and Level Annotations

Branches:
Dungeon (11/15)            Temple (1/1) D:5            Lair (0/5) D:11
  Sewer (visited)
    Orc: D:9-12

Altars:
Ashenzari
Cheibriados
Dithmenos
Elyvilon
Fedhas
Gozag
Hepliaklqana
Kikubaaqudgha
Makhleb
Nemelex Xobeh
Okawaru
Qazlal
Ru
Sif Muna
Trog
Uskayaw
Vehumet
Wu Jian
Xom
Yredelemnul
Zin
The Shining One

Shops:
D:3 :   D:5 *   D:6 :

Annotations:
D:11 exclusion: oklob plant


Innate Abilities, Weirdness & Mutations

Your spellcasting is much less encumbered by armour.
You can use scrolls of enchantment on lesser artefacts.
You are somewhat resistant to further mutation.


Message History

The boulder beetle is almost dead.
Unknown command.
Aiming: Throw Flame
Press: ? - help, Q - select action, (/) - cycle Shift-Dir - straight line, f/p - boulder beetle
Aim: a boulder beetle (almost dead, 100% to hit)
The puff of flame hits the boulder beetle but does no damage.
The boulder beetle is almost dead.
Aiming: Throw Flame
Press: ? - help, Q - select action, (/) - cycle Shift-Dir - straight line, f/p - boulder beetle
Aim: a boulder beetle (almost dead, 100% to hit)
The puff of flame hits the boulder beetle but does no damage.
The boulder beetle is almost dead.
You are too injured to fight recklessly!
You are too injured to fight recklessly!
You are too injured to fight recklessly!
The boulder beetle curls into a ball and begins rolling!
You block the boulder beetle's attack.
The boulder beetle stops rolling and uncurls.
You hit the boulder beetle but do no damage.
The boulder beetle is almost dead.
The boulder beetle bites you but does no damage.
You hit the boulder beetle but do no damage.
The boulder beetle is almost dead.
The boulder beetle bites you!
* * * LOW HITPOINT WARNING * * *
You hit the boulder beetle but do no damage.
The boulder beetle is almost dead.
The boulder beetle bites you but does no damage.
You hit the boulder beetle but do no damage.
The boulder beetle is almost dead.
The boulder beetle closely misses you.
You hit the boulder beetle.
The boulder beetle is almost dead.
The boulder beetle bites you!
* * * LOW HITPOINT WARNING * * *
You slash the boulder beetle!
The boulder beetle is almost dead.
The boulder beetle bites you!
You die...
Your body crumbles into a pile of gold.

.P.##.......#
.PPPP...#.....#
#≈.PP>P..≈#.....## #...P
PP..#......## #.# ..##P.
##.........#####...
...#...#..................
.#...≈...#..............#
..# #####...............#
.## #.........B@.......#
######..................#
........#######.........##
........#.....#...........
........#.....#...)....>..
........#.....'.).########
#####...#.....#...#
#...#.....#...#
#...#######...#


You could see a boulder beetle.

Vanquished Creatures
  Sigmund (D:3)
  2 wyverns
  A water moccasin (D:8)
  An ice beast (D:6)
  An ogre (D:6)
  3 centaurs
  5 kobold brigands
  A bullfrog (Sewer)
  A gnoll sergeant (D:9)
  A scorpion (D:5)
  5 wights (D:6)
  3 killer bees (D:9)
  A howler monkey (D:6)
  3 bombardier beetles
  9 orc priests
  2 hounds
  3 jellies
  A sleepcap (D:6)
  4 gnoll boudas
  5 iguanas
  4 orc wizards
  19 gnolls
  13 adders
  A shadow imp (D:7)
  3 white imps
  2 ufetubi (D:5)
  14 dart slugs
  3 ribbon worms
  44 orcs
  17 endoplasms
  3 giant cockroaches
  3 goblins
  5 hobgoblins
  4 jackals (D:1)
  2 quokkas
  13 ball pythons
  7 bats
  6 frilled lizards
  34 kobolds
  6 rats
256 creatures vanquished.

Notes
Turn   | Place    | Note
-------+----------+-------------------------------------------
     0 | D:1      | Juicyj the Mountain Dwarf Fighter began the quest for the
                  | Orb.
     0 | D:1      | Reached XP level 1. HP: 19/19 MP: 1/1
    78 | D:1      | Reached XP level 2. HP: 23/26 MP: 2/2
   194 | D:1      | Found a faded altar of an unknown god.
   616 | D:2      | Reached XP level 3. HP: 33/33 MP: 3/3
   715 | D:2      | Identified the ring of the Amorous God {Will+ Dex+2}
  1077 | D:3      | Gained mutation: You are somewhat resistant to further
                  | mutation. [potion of mutation]
  1237 | D:3      | Reached XP level 4. HP: 34/40 MP: 4/4
  1536 | D:3      | Found Vuin's Vocational Training.
  1669 | D:3      | Noticed Sigmund
  1693 | D:3      | Killed Sigmund
  1694 | D:3      | Reached XP level 5. HP: 20/47 MP: 5/5
  1694 | D:3      | Reached XP level 6. HP: 23/53 MP: 6/6
  2643 | D:4      | Reached skill level 5 in Armour
  2684 | D:4      | Reached skill level 5 in Fighting
  2684 | D:4      | Reached skill level 5 in Shields
  3116 | D:5      | Entered Level 5 of the Dungeon
  3124 | D:5      | Reached skill level 5 in Axes
  3169 | D:5      | Reached XP level 7. HP: 61/61 MP: 7/7
  3170 | D:5      | Found Jackea Koamn's Lightly-Used Armoury.
  3317 | D:5      | Found a staircase to the Ecumenical Temple.
  3371 | Temple   | Entered the Ecumenical Temple
  4876 | D:6      | Found a glowing drain.
  4901 | Sewer    | Entered a sewer
  5300 | Sewer    | Reached XP level 8. HP: 70/70 MP: 8/8
  5664 | D:6      | Identified the +2 helmet of Xom {*Corrode rC+ MP+9 Int-2
                  | Dex+2}
  6391 | D:6      | Found Liziol's Book Boutique.
  6839 | D:7      | Reached XP level 9. HP: 14/79 MP: 9/9
  7751 | D:8      | Found an ornate altar of the Wu Jian Council.
  7751 | D:8      | Found a glowing golden altar of the Shining One.
  8237 | D:8      | Found a basalt altar of Yredelemnul.
  8237 | D:8      | Found a glowing silver altar of Zin.
  8237 | D:8      | Found a stormy altar of Qazlal.
  8243 | D:8      | Found a hide-covered altar of Uskayaw.
  8244 | D:8      | Found a shimmering altar of Xom.
  8246 | D:8      | Found a bloodstained altar of Trog.
  8246 | D:8      | Found a hazy altar of Hepliaklqana.
  8247 | D:8      | Found a shadowy altar of Dithmenos.
  8249 | D:8      | Found an opulent altar of Gozag.
  8253 | D:8      | Found a broken altar of Ashenzari.
  8254 | D:8      | Found an ancient bone altar of Kikubaaqudgha.
  8327 | D:8      | Became a worshipper of Gozag Ym Sagoz the Greedy
  8852 | D:9      | HP: 4/81 [killer bee (7)]
  8889 | D:9      | HP: 4/81 [poisoned by a killer bee]
  8898 | D:9      | You fall into a shaft and drop 2 floors!
  9235 | D:11     | Noticed an oklob plant
  9259 | D:11     | Found a staircase to the Lair.
  9286 | D:11     | Noticed a boulder beetle
  9369 | D:11     | HP: 3/81 [boulder beetle (17)]
  9370 | D:11     | Slain by a boulder beetle

Illustrated notes

Levels and vault maps discovered:
D:1:      lightli_arrival_flooded_house, layout_rooms,
          dreamdust_ecumenical_altar_grove
D:2:      layout_rooms
D:3:      layout_loops_corners, nicolae_shop_vocational, uniq_sigmund
D:4:      layout_basic
D:5:      layout_basic, minmay_temple_entry_large_hall,
          hangedman_decor_opposing, minmay_shop_damaged
D:6:      layout_basic, cheibrodos_sewer_entry_drain, serial_shops, shop,
          minivault_4
D:7:      layout_gridville, dk_rats_in_the_wall
D:8:      layout_basic, nicolae_overflow_hallway_of_the_gods,
          gammafunk_temple_overflow_statue
D:9:      layout_basic, david_orc_5
D:11:     kennysheep_six_static_rooms, layout_irregular_city, dpeg_oklobed_lair,
          kennysheep_small_square, uniq_erolcha, uniq_maurice
Temple:   compressed_dpeg_triangle_lava_temple

Skill      XL: |  1  2  3  4  5  6  7  8  9 |
---------------+----------------------------+-----
Axes           | 3 4 5 7 8 |  8.6
Armour         | 4 5 6 7 8 |  8.3
Fighting       | 4 5 6 7 8 |  8.3
Shields        | 4 5 6 7 8 |  8.3

Action                     |  1- 3 |  4- 6 |  7- 9 || total
---------------------------+-------+-------+-------++-------
  Melee: War axe           |   127 |   142 |   560 ||   829
  Evoke: Wand              |       |       |    13 ||    13
    Use: Potion            |     5 |       |     2 ||     7
         Scroll            |     3 |     2 |    13 ||    18
   Stab: Distracted        |       |       |     1 ||     1
 Armour: Scale mail        |    50 |       |       ||    50
         Plate armour      |    57 |   110 |   577 ||   744
  Dodge: Dodged            |    61 |    22 |   203 ||   286
  Block: Buckler           |    34 |    35 |   166 ||   235

Table legend: (Time is in decaauts)
 A = Elapsed time spent in this place.
 B = Non-inter-level travel time spent in this place.
 C = Inter-level travel time spent in this place.
 D = Time resting spent in this place.
 E = Time spent auto-exploring this place.
 F = Levels seen in this place.
 G = Mean time per level.
                   A        B        C        D        E       F      G
               +--------+--------+--------+--------+--------+-----+--------+
         Total |   9634 |   9477 |    157 |   1196 |   6308 |  12 |  802.8 |
       Dungeon |   8910 |   8753 |    157 |    949 |   6072 |  10 |  891.0 |
        Temple |      1 |      1 |      0 |      0 |      0 |   1 |    1.0 |
         Sewer |    722 |    722 |      0 |    247 |    235 |   1 |  722.0 |
               +--------+--------+--------+--------+--------+-----+--------+

Top non-repeatable levels by time:
     D:5: 1636 daAuts
     D:6: 1224 daAuts
     D:3: 1163 daAuts
     D:4: 1086 daAuts
     D:7: 996 daAuts
     D:8: 861 daAuts
   Sewer: 722 daAuts
     D:1: 594 daAuts
     D:2: 517 daAuts
    D:11: 475 daAuts
     D:9: 354 daAuts
  Temple: 1 daAuts
